 Dungeon Crawl Stone Soup version 0.19.0-2-gae57169 (console) character file.

357 Kloppie the Slasher (level 6, -16/73 HPs)
             Began as a Demonspawn Berserker on Nov 5, 2016.
             Was a Believer of Trog.
             Demolished by an orc warrior
             ... wielding a +0 morningstar
              (23 damage)
             ... on level 4 of the Dungeon.
             The game lasted 00:04:38 (3760 turns).

Kloppie the Slasher (Demonspawn Berserker)          Turns: 3760, Time: 00:04:39

Health: -16/73     AC: 10    Str: 23    XL:     6   Next: 37%
Magic:  6/6        EV:  9    Int:  8    God:    Trog [**....]
Gold:   203        SH:  5    Dex: 20    Spells: 0 memorised, 5 levels left

rFire  . . .     SeeInvis .     a - +1 falchion
rCold  . . .     Gourm    .     s - +1 chain mail
rNeg   . . .     Faith    .     (no shield)
rPois  .         Spirit   .     (no helmet)
rElec  .         Reflect  +     (no cloak)
rCorr  .         Harm     .     (no gloves)
MR     ++...                    (no boots)
Stlth  ..........               k - +5 amulet of reflection
                                (no ring)
                                i - +6 ring of dexterity

@: berserking (expiring), regenerating, very quick
A: claws 1, powered by death 1
a: Berserk, Trog's Hand, Burn Spellbooks, Renounce Religion


You were on level 4 of the Dungeon.
You worshipped Trog.
Trog was pleased with you.
You were near starving.

You visited 1 branch of the dungeon, and saw 4 of its levels.

You collected 203 gold pieces.

Inventory:

Hand Weapons
 a - a +1 falchion (weapon)
Armour
 s - a +1 chain mail (worn)
Jewellery
 i - a +6 ring of dexterity (left claw)
 k - a +5 amulet of reflection (around neck)
Scrolls
 d - 2 scrolls of noise
 j - a scroll of magic mapping
Potions
 b - a potion of might
 e - a potion of degeneration {unknown}
 p - 2 potions of heal wounds {unknown}
 u - a potion of curing {unknown}
 x - a potion of haste {unknown}
Comestibles
 c - 4 bread rations
 f - 3 meat rations
 g - 4 beef jerkies
 h - 2 chunks of flesh
 t - a slice of pizza


   Skills:
 - Level 4.7 Fighting
 + Level 4.9 Long Blades
 + Level 3.1 Armour
 - Level 1.7 Dodging


You had 5 spell levels left.
You didn't know any spells.

Dungeon Overview and Level Annotations

Branches:
Dungeon (4/15)
 Temple: D:4-7

Altars:
Xom
Yredelemnul

Annotations:
D:3 1 runed door


Innate Abilities, Weirdness & Mutations

You have sharp fingernails.
You regenerate a little health from kills.


Message History

* * * LOW HITPOINT WARNING * * *
You block the orc's attack. The orc hits you but does no damage.
You hit the orc warrior but do no damage.
The orc warrior is lightly wounded.
The water moccasin skeleton barely misses you.
The orc hits you but does no damage.
Your chain mail prevents you from hitting the orc warrior.
The orc warrior is lightly wounded.
The orc warrior hits you with a morningstar!
* * * LOW HITPOINT WARNING * * *
The orc barely misses you.
You block the water moccasin skeleton's attack.
You hit the orc warrior but do no damage.
The orc warrior is lightly wounded.
The orc closely misses you.
You riposte.
You closely miss the orc.
The water moccasin skeleton closely misses you.
The orc hits you from afar with an antimagic trident.
* * * LOW HITPOINT WARNING * * *
The orc warrior hits you with a morningstar!!
You die...

########## ..#.....%..#
..........# #.........#
#<........# #.........# #
#.#.###)####.# ....#..##......#
#((.Z@o.######
#####....(oo######## . .
........##........# .
...#####.###.#.##........# #
.........###.#.##........# #
........)....=.##........# #
........)##.##.###.......#######
...#####.##.##.###.......#....>.
.......................(.#.#####


You could see an orc warrior, 2 orcs and a water moccasin skeleton.

Vanquished Creatures
  An ogre (D:4)
  A hound (D:4)
  An orc priest (D:4)
  A centaur skeleton (D:3)
  3 gnolls (D:3)
  8 adders
  A worm (D:3)
  A leopard gecko (D:3)
  5 orcs
  8 bats
  3 giant cockroaches
  9 goblins
  8 hobgoblins
  8 jackals
  2 quokkas (D:3)
  A ball python (D:2)
  3 frilled lizards
  2 jackal skeletons (D:3)
  11 kobolds
  5 rats
82 creatures vanquished.

Notes
Turn   | Place    | Note
-------+----------+-------------------------------------------
     0 | D:1      | Kloppie the Demonspawn Berserker began the quest for the Orb.
     0 | D:1      | Reached XP level 1. HP: 18/18 MP: 1/1
    10 | D:1      | Found a shimmering altar of Xom.
   253 | D:1      | Gained mutation: You have sharp fingernails. [demonic ancestry]
   253 | D:1      | Reached XP level 2. HP: 21/24 MP: 2/2
  1253 | D:2      | Gained mutation: You regenerate a little health from kills. [demonic ancestry]
  1253 | D:2      | Reached XP level 3. HP: 23/30 MP: 3/3
  1496 | D:2      | Reached ** piety under Trog
  1515 | D:2      | Reached XP level 4. HP: 22/37 MP: 4/4
  2145 | D:3      | Reached XP level 5. HP: 14/43 MP: 5/5
  2409 | D:3      | Found a runed door.
  2409 | D:3      | Noticed a human
  2417 | D:3      | Found a basalt altar of Yredelemnul.
  3489 | D:4      | Reached XP level 6. HP: 30/49 MP: 6/6
  3744 | D:4      | Noticed an orc warrior
  3760 | D:4      | Demolished by an orc warrior

Skill      XL: |  1  2  3  4  5  6 |
---------------+-------------------+-----
Long Blades    | 3 4 |  4.9
Fighting       | 4 |  4.7
Armour         | 2 3 |  3.1
Dodging        | |  1.7

Action                   |  1- 3 |  4- 6 || total
-------------------------+-------+-------++-------
Melee: Falchion          |   133 |   183 ||   316
Invok: Berserk           |     1 |     5 ||     6
       Trog's Hand       |       |     1 ||     1
  Use: Scroll            |       |    12 ||    12
  Eat: Chunk             |     2 |    11 ||    13
Armor: Animal skin       |     7 |       ||     7
       Leather armour    |    19 |       ||    19
       Ring mail         |    22 |    19 ||    41
       Chain mail        |       |    93 ||    93
Dodge: Dodged            |   108 |   101 ||   209
Block: Other             |       |    10 ||    10
       Rpst.: Falchion   |    40 |    29 ||    69
